Map: Acropolis LE

Players

Ratl - Winner!

  • Race: Zerg Zerg
  • Spawn Location: 5:00

VOD

Have the link to the VOD?

Description

Time

  • Played on: Oct. 28, 2019, 12:47 p.m.
  • Length: 12:43
Show
View Real Time Build Order
Export as new Build Order

Ratl Zerg - Winner!

Build Orders:  

Get SALT Encoding   

  12  0:09  Drone  
  13  0:12  Drone  
  14  0:26  Overlord  
  14  0:40  Overlord  
  14  0:52  Overlord  
  14  0:56  Drone  
  15  1:12  Drone  
  16  1:26  Drone  
  17  1:35  Spawning Pool  
  16  1:51  Extractor  
  16  1:52  Drone  
  16  2:03  Drone  
  17  2:13  Drone  
  18  2:27  Drone  
  19  2:42  Queen, Evolution Chamber  
  19  2:46  Zergling x2  
  21  2:59  Drone  
  22  3:17  Zergling x2  
  23  3:26  Drone  
  24  3:43  Overlord  
  24  3:54  Extractor  
  24  3:58  Drone  
  24  4:13  Drone  
  24  4:23  Lair  
  24  4:35  Drone x2  
  24  4:36  Drone  
  27  4:52  Zergling x2  
  28  5:37  Hatchery  
  27  6:04  Zergling x2  
  27  6:05  Zergling x6  
  31  6:35  Overlord  
  31  6:37  Overlord  
  30  7:04  Roach Warren  
  29  7:19  Zergling x2  
  30  7:20  Zergling x6  
  32  8:00  Metabolic Boost  
  32  8:02  Drone x2  
  32  8:03  Drone  
  32  8:05  Queen  
  37  8:21  Roach x2  
  37  8:22  Roach x3  
  37  8:23  Zergling x2  
  48  8:34  Drone  
  48  8:37  Drone  
  50  8:53  Drone  
  50  8:54  Drone  
  52  9:12  Baneling Nest  
  51  9:26  Hydralisk Den  
  50  9:31  Infestation Pit  
  49  9:42  Roach x2  
  49  9:43  Zergling x2, Roach  
  49  9:44  Zergling x2  
  49  9:47  Zergling x2  
  49  9:48  Drone  
  49  9:49  Drone  
  60  10:06  Nydus Network  
  59  10:25  Spire  
  59  10:28  Drone x4  
  62  11:01  Infestor  
  62  11:02  Swarm Host  
  62  11:05  Unknown  
  62  11:06  Overlord x3  
  62  11:07  Overlord x2  
  64  12:08  Unknown  
  64  12:11  Drone x2  
  64  12:12  Drone x2  
  65  12:38  Extractor  
Tags
 
Add a new tag
Caveats
  • Supply blocks, unpowered buildings, or Contaminate may cause inaccurate times.
  • Supply counts are checked every 10 seconds.